 Dungeon Crawl Stone Soup version 0.24-a0-201-gf205589 (webtiles) character file.

Game seed: 10430417073180559345

34690 Astolfo the Grappler (level 13, -5/133 HPs)
             Began as a Troll Monk on Mar 20, 2019.
             Was a High Priest of Okawaru.
             Slain by an entropy weaver (14 damage)
             ... on level 4 of the Lair of Beasts.
             The game lasted 00:44:52 (13358 turns).

Astolfo the Grappler (Troll Monk)                  Turns: 13358, Time: 00:44:53

Health: -5/133     AC: 13    Str: 24    XL:     13   Next: 43%
Magic:  17/18      EV: 14    Int:  6    God:    Okawaru [*****.]
Gold:   1119       SH: 13    Dex: 14    Spells: 12/12 levels left

rFire    + . .     SeeInvis +     - Unarmed
rCold    + . .     Gourm    +   G - +0 shield {AC+3}
rNeg     . . .     Faith    .   E - +2 robe "Usinguz" {*Slow MR+ Regen+ Stlth+}
rPois    .         Spirit   .   i - +2 hat
rElec    .         Reflect  +   f - scarf {rC+ rF+}
rCorr    .         Harm     .   (gloves unavailable)
MR       +....                  (boots unavailable)
Stlth    +++.......             d - +2 amulet of reflection
HPRegen  1.12/turn              D - +2 ring of slaying
MPRegen  0.16/turn              s - ring of see invisible

@: no status effects
A: large, unfitting armour, claws 3, fast metabolism 3, gourmand, regeneration
1, shaggy fur 1, tough skin 3
a: Heroism, Finesse, Renounce Religion


You were on level 4 of the Lair of Beasts.
You worshipped Okawaru.
Okawaru was extremely pleased with you.
You were very full.

You visited 3 branches of the dungeon, and saw 17 of its levels.
You also visited: Ossuary and Bailey.

You collected 1589 gold pieces.
You spent 470 gold pieces at shops.

Inventory:

Hand Weapons
 y - a +4 scimitar of flaming
 S - a +2 morningstar of protection
Missiles
 c - 3 javelins of penetration
 h - 563 stones
 u - 6 throwing nets {!f}
 z - 2 javelins
 I - 14 tomahawks
 P - 27 tomahawks of returning
 R - 7 silver tomahawks (quivered)
Armour
 f - a scarf of resistance (worn)
 i - a +2 hat (worn)
 E - the +2 robe "Usinguz" (worn) {*Slow MR+ Regen+ Stlth+}
   (Okawaru gifted it to you on level 8 of the Dungeon)

   It affects your resistance to hostile enchantments.
   It increases your rate of regeneration.
   It may slow you when you take damage.
   It makes you more stealthy.
 G - a +0 shield of protection (worn)
 N - a +1 robe of resistance
Jewellery
 d - a +2 amulet of reflection (around neck)
 s - a ring of see invisible (right claw)
 C - an uncursed ring of resist corrosion
 D - a +2 ring of slaying (left claw)
 Q - an uncursed ring of protection from cold
 Y - an uncursed amulet of faith {!P}
Wands
 g - a wand of disintegration (28)
 A - a wand of acid (15)
 M - a wand of paralysis (18)
Scrolls
 j - 4 scrolls of blinking
 n - 4 scrolls of enchant armour
 p - 5 scrolls of amnesia
 t - 2 scrolls of immolation {!r}
 v - 2 scrolls of magic mapping
 w - 5 scrolls of remove curse
 x - 9 scrolls of teleportation
 F - a scroll of fog
 H - a scroll of brand weapon
 O - 2 scrolls of fear
 T - a scroll of enchant weapon
Potions
 a - a potion of flight
 b - 6 potions of curing
 k - 2 potions of magic
 l - 4 potions of brilliance
 o - a potion of agility
 q - 2 potions of ambrosia
 r - a potion of mutation {!q!q}
 B - 5 potions of lignification {!q}
 J - 2 potions of heal wounds
 K - a potion of berserk rage
 L - a potion of resistance
 U - 2 potions of haste
Comestibles
 e - 30 rations
 V - 2 chunks of flesh


   Skills:
 + Level 10.2 Fighting
 - Level 4.0 Armour
 + Level 8.1 Dodging
 - Level 2.2 Stealth
 + Level 7.8 Shields
 + Level 11.9 Unarmed Combat
 - Level 8.0 Invocations


You had 12 spell levels left.
You didn't know any spells.
Your spell library contained the following spells:

 Spells                   Type           Power        Failure   Level  Hunger
 Magic Dart               Conj           #...         54%         1    ##.....
 Sandblast                Erth           #.....       54%         1    ##.....
 Blink                    Tloc           N/A          67%         2    ###....
 Call Imp                 Summ           #.......     67%         2    ###....
 Passwall                 Tmut/Erth      #.......     67%         2    ###....
 Slow                     Hex            #.......     67%         2    ###....
 Song of Slaying          Chrm           #.......     67%         2    ###....
 Conjure Flame            Conj/Fire      #.......     88%         3    ####...
 Mephitic Cloud           Conj/Pois/Air  #.......     88%         3    ####...
 Ozocubu's Armour         Chrm/Ice       #.......     88%         3    ####...
 Stone Arrow              Conj/Erth      #.....       88%         3    ####...
 Cause Fear               Hex            #.........   99%         4    #####..
 Petrify                  Tmut/Erth      #.......     99%         4    #####..
 Summon Ice Beast         Ice/Summ       #.......     99%         4    #####..
 Iskenderun's Battlesphe  Conj/Chrm      #.......     100%        5    ######.
 Lee's Rapid Deconstruct  Erth           #.........   100%        5    ######.
 Silence                  Hex/Air        #.........   100%        5    ######.
 Yara's Violent Unravell  Hex/Tmut       #.........   100%        5    ######.
 Deflect Missiles         Chrm/Air       #.........   100%        6    #######
 Discord                  Hex            #.........   100%        8    #######


Dungeon Overview and Level Annotations

Branches:
Dungeon (12/15)            Temple (1/1) D:4            Lair (4/6) D:8
  Swamp (0/4) Lair:3        Snake (0/4) Lair:2          Orc (0/2) D:12

Altars:
Ashenzari
Cheibriados
Dithmenos
Elyvilon
Fedhas
Gozag
Hepliaklqana
Kikubaaqudgha
Makhleb
Nemelex Xobeh
Okawaru
Qazlal
Ru
Sif Muna
Trog
Uskayaw
Vehumet
Wu Jian
Xom
Yredelemnul
Zin
The Shining One
Beogh

Shops:
D:5 ?   D:8 ![(:*   D:12 [


Innate Abilities, Weirdness & Mutations

You are too large for most types of armour.
You have claws for hands.
Your metabolism is lightning-fast.
You like to eat raw meat.
Your natural rate of healing is unusually fast.
You are covered in fur. (AC +1)
You have extremely tough skin. (AC +3)


Message History

The entropy weaver hits you!
* * * LOW HITPOINT WARNING * * *
The entropy weaver hits you!
* * * LOW HITPOINT WARNING * * *
The entropy weaver hits you.
* * * LOW HITPOINT WARNING * * *
You scratch the entropy weaver but do no damage.
The entropy weaver is almost dead.
Your claws slow down.
Your magical effects are unravelling.
You feel magically purged.
You feel yourself speed up.
You feel a little less mighty now.
You are no longer corroded.
You block the entropy weaver's attack. x2; The entropy weaver hits you.
* * * LOW HITPOINT WARNING * * *
The entropy weaver hits you but does no damage.
The worker ant barely misses you. The entropy weaver hits you.
* * * LOW HITPOINT WARNING * * *
The entropy weaver hits you!
You die... .... #... .# .... ....##..a ..# #.# #..##..aa ..# P.####..##..aa ...## ...##P... #aaa

....# ....#...##
#a†####...#
.........#####.a#†...##
....#....##.####aa....#
...###.(....)...@.=...#
...###.........P......#
.P.P#.................#
......................#
..#####..##.####P######
#.# ######.# ### ### ##


You could see an entropy weaver, a soldier ant and a worker ant.

Vanquished Creatures
  An entropy weaver (Lair:4)
  Josephine (D:12)
  Harold (D:11)
  A hydra (Lair:1)
  Erica (D:8)
  A queen ant (Lair:4)
  4 two-headed ogres
  Nergalle (D:12)
  An unseen horror (D:12)
  A slime creature (D:12)
  Pikel (D:7)
  An orc knight (Bailey)
  4 ugly things (D:11)
  A centaur zombie (D:12)
  A black mamba (Lair:3)
  Joseph (D:7)
  7 spiny frogs
  2 gargoyles (D:12)
  A centaur skeleton (D:10)
  3 komodo dragons
  3 rime drakes
  2 trolls
  2 polar bears
  A merfolk (D:10)
  4 hippogriffs
  Sigmund (D:3)
  2 wyverns
  8 yaks
  8 wraiths
  Grum (D:8)
  A hungry ghost (D:11)
  2 vampire mosquitoes (D:12)
  18 soldier ants (Lair:4)
  An acid dragon (D:11)
  8 water moccasins
  5 porcupines
  A swamp drake (Lair:3)
  4 ice beasts
  A sky beast (D:11)
  3 black bears
  10 orc warriors
  6 ogres
  2 phantoms
  12 wolves
  2 eyes of draining
  7 centaurs
  4 crocodiles
  3 big kobolds
  15 bullfrogs
  3 gnoll sergeants
  A water moccasin zombie (D:10)
  6 scorpions
  17 killer bees
  6 wights
  5 howler monkeys
  2 crimson imps
  3 bullfrog zombies
  2 quasits
  2 bullfrog skeletons
  8 hounds
  3 jellies
  7 orc priests
  15 orc wizards
  Natasha (twice) (D:3)
  5 iguanas
  16 worker ants
  7 big kobold zombies (Ossuary)
  A hound skeleton (D:5)
  A mummy (Ossuary)
  A howler monkey zombie (D:8)
  A worker ant zombie (D:4)
  Robin (D:3)
  16 gnolls
  10 adders
  A howler monkey skeleton (D:7)
  2 shadow imps (D:5)
  An ooze (D:3)
  2 adder zombies
  3 adder skeletons
  2 worms
  A dart slug (D:1)
  3 leopard geckos
  52 orcs
  3 spectral bats (Ossuary)
  11 giant cockroaches
  5 gnoll zombies (Ossuary)
  8 hobgoblins
  2 jackals (D:3)
  4 quokkas
  6 bats
  4 bat simulacra (Ossuary)
  6 frilled lizards
  26 goblins
  3 goblin simulacra (Ossuary)
  3 goblin zombies (Ossuary)
  3 hobgoblin zombies (Ossuary)
  27 kobolds
  3 kobold simulacra (Ossuary)
  4 kobold zombies (Ossuary)
  A leopard gecko zombie (D:9)
  8 orc zombies (Ossuary)
  2 quokka skeletons
  8 rats
  A rat simulacrum (Ossuary)
  4 spectral goblins (Ossuary)
  3 spectral kobolds (Ossuary)
  4 spectral rats (Ossuary)
529 creatures vanquished.

Vanquished Creatures (others)
  2 centaurs
  2 orc wizards (D:12)
  4 kobolds (Bailey)
  21 fungi (D:8)
  13 plants (D:8)
42 creatures vanquished.

Grand Total: 571 creatures vanquished

Notes
Turn   | Place    | Note
-------+----------+-------------------------------------------
     0 | D:1      | Astolfo the Troll Monk began the quest for the Orb.
     0 | D:1      | Reached XP level 1. HP: 22/22 MP: 0/0
   150 | D:1      | Reached XP level 2. HP: 29/29 MP: 1/1
   471 | D:2      | Found an iron altar of Okawaru.
   486 | D:2      | Became a worshipper of Warmaster Okawaru
   486 | D:2      | Reached * piety under Okawaru
   486 | D:2      | Reached ** piety under Okawaru
   509 | D:2      | Reached XP level 3. HP: 34/36 MP: 2/2
   727 | D:2      | Found a burning altar of Makhleb.
   729 | D:2      | Noticed a cacodemon
   794 | D:2      | Found a shimmering altar of Xom.
   936 | D:2      | Reached XP level 4. HP: 44/44 MP: 3/3
  1062 | D:3      | Found a sacrificial altar of Ru.
  1082 | D:3      | Noticed Robin
  1101 | D:3      | Killed Robin
  1193 | D:3      | Noticed Sigmund
  1298 | D:3      | Noticed Natasha
  1331 | D:3      | Killed Sigmund
  1331 | D:3      | Reached skill level 4 in Unarmed Combat
  1331 | D:3      | Reached XP level 5. HP: 15/54 MP: 4/4
  1331 | D:3      | Reached XP level 6. HP: 17/62 MP: 5/5
  1441 | D:3      | Killed Natasha
  1441 | D:3      | Reached *** piety under Okawaru
  1442 | D:3      | Found a shattered altar of Ashenzari.
  1554 | D:3      | Reached skill level 5 in Unarmed Combat
  1693 | D:3      | Noticed Natasha
  1701 | D:3      | Killed Natasha
  1987 | D:4      | Reached XP level 7. HP: 58/71 MP: 6/6
  2016 | D:4      | Found a sand-covered staircase.
  2037 | Ossuary  | Entered an ossuary
  2465 | D:4      | Reached skill level 5 in Fighting
  2465 | D:4      | Reached skill level 6 in Unarmed Combat
  2579 | D:4      | Found a staircase to the Ecumenical Temple.
  2584 | Temple   | Entered the Ecumenical Temple
  2931 | D:5      | Entered Level 5 of the Dungeon
  3032 | D:5      | Reached XP level 8. HP: 76/81 MP: 7/7
  3056 | D:5      | Reached **** piety under Okawaru
  3074 | D:5      | Reached skill level 1 in Invocations
  3421 | D:5      | Reached skill level 7 in Unarmed Combat
  3700 | D:5      | Found Guiriex's Magic Scroll Emporium.
  3703 | D:5      | Bought a scroll of blinking for 75 gold pieces
  3703 | D:5      | Bought a scroll of blinking for 75 gold pieces
  3703 | D:5      | Bought a scroll of remove curse for 30 gold pieces
  3703 | D:5      | Bought a scroll of identify for 20 gold pieces
  3703 | D:5      | Bought a scroll of identify for 20 gold pieces
  3703 | D:5      | Bought a scroll of teleportation for 30 gold pieces
  3703 | D:5      | Bought a scroll of identify for 20 gold pieces
  3703 | D:5      | Bought a scroll of amnesia for 35 gold pieces
  4036 | D:6      | Identified the Grimoire of Lucky Ice
  4070 | D:6      | Found a shadowy altar of Dithmenos.
  4169 | D:6      | Found an opulent altar of Gozag.
  4173 | D:6      | Reached skill level 1 in Armour
  4338 | D:6      | Noticed a +0 dagger
  4338 | D:6      | Noticed a +0 hand axe
  4339 | D:6      | Found a hide-covered altar of Uskayaw.
  4901 | D:7      | Reached XP level 9. HP: 68/91 MP: 7/10
  4964 | D:7      | Found a glowing golden altar of the Shining One.
  4964 | D:7      | Found a deep blue altar of Sif Muna.
  5035 | D:7      | Found an iron altar of Okawaru.
  5037 | D:7      | Found an ancient bone altar of Kikubaaqudgha.
  5267 | D:7      | Noticed Joseph
  5276 | D:7      | Killed Joseph
  5276 | D:7      | Reached ***** piety under Okawaru
  5276 | D:7      | Reached skill level 8 in Unarmed Combat
  5301 | D:7      | Noticed Pikel
  5307 | D:7      | Killed Pikel
  5634 | D:8      | Found Usemohaor's Antique Weapon Emporium.
  5634 | D:8      | Found Rygywe's Book Shoppe.
  5733 | D:8      | Found a basalt altar of Yredelemnul.
  5742 | D:8      | Received a gift from Okawaru
  5748 | D:8      | Got a brightly glowing robe {god gift}
  5775 | D:8      | Identified the +2 robe "Usinguz" {*Slow MR+ Regen+ Stlth+}
                  | (Okawaru gifted it to you on level 8 of the Dungeon)
  5787 | D:8      | Found Igygg's General Store.
  5880 | D:8      | Noticed Grum
  5887 | D:8      | Killed Grum
  5890 | D:8      | Reached skill level 5 in Dodging
  5890 | D:8      | Reached XP level 10. HP: 66/102 MP: 8/11
  5992 | D:8      | Noticed Erica
  6013 | D:8      | Reached skill level 9 in Unarmed Combat
  6128 | D:8      | Found a radiant altar of Vehumet.
  6220 | D:8      | Reached skill level 1 in Shields
  6269 | D:8      | Found a staircase to the Lair.
  6430 | D:8      | Killed Erica
  6442 | D:8      | Found Hainwu's Distillery.
  6445 | D:8      | Found Riah's Antique Armour Emporium.
  6450 | D:8      | Bought a potion of berserk rage for 75 gold pieces
  6450 | D:8      | Bought a potion of curing for 45 gold pieces
  6450 | D:8      | Bought a potion of curing for 45 gold pieces
  6801 | D:9      | Noticed a two-headed ogre
  6819 | D:9      | HP: 4/156 [two-headed ogre/+0 giant club (28)]
  6821 | D:9      | Killed a two-headed ogre
  6821 | D:9      | Reached XP level 11. HP: 5/111 MP: 13/13
  6926 | D:9      | Received a gift from Okawaru
  7037 | D:9      | Found a blossoming altar of Fedhas.
  7104 | D:9      | Noticed a two-headed ogre
  7111 | D:9      | Killed a two-headed ogre
  7202 | D:10     | Entered Level 10 of the Dungeon
  7240 | D:10     | Got a fine scimitar
  7242 | D:10     | Identified the +8 scimitar "Jelly's Death Toll" {drain,
                  | *Noise rPois Dex+6} (You found it on level 10 of the
                  | Dungeon)
  7644 | D:10     | Reached skill level 5 in Shields
  7650 | D:10     | Reached skill level 10 in Unarmed Combat
  8004 | D:10     | Reached skill level 5 in Invocations
  8185 | D:11     | Noticed a cyan ugly thing
  8194 | D:11     | Killed a cyan ugly thing
  8388 | D:11     | Noticed Harold
  8398 | D:11     | Killed Harold
  8398 | D:11     | Received a gift from Okawaru
  8569 | D:11     | Noticed a brown ugly thing
  8579 | D:11     | Killed a brown ugly thing
  8768 | D:11     | Noticed a two-headed ogre
  8775 | D:11     | Killed a two-headed ogre
  9024 | D:11     | Noticed a white ugly thing
  9036 | D:11     | Killed a white ugly thing
  9061 | D:11     | Noticed a brown ugly thing
  9073 | D:11     | Killed a brown ugly thing
  9073 | D:11     | Reached XP level 12. HP: 58/123 MP: 2/15
  9197 | D:12     | Noticed Nergalle
  9200 | D:12     | Found a staircase to the Orcish Mines.
  9200 | D:12     | Noticed Josephine
  9211 | D:12     | Killed Nergalle
  9222 | D:12     | Killed Josephine
  9248 | D:12     | HP: 7/123 [ogre/+0 giant club (27)]
  9447 | D:12     | Found a roughly hewn altar of Beogh.
  9476 | D:12     | Found Cemel's Armour Shoppe.
  9501 | D:12     | Noticed a two-headed ogre
  9513 | D:12     | Killed a two-headed ogre
  9513 | D:12     | Reached skill level 11 in Unarmed Combat
  9645 | D:12     | Found a flagged portal.
  9660 | Bailey   | Entered a bailey
  9802 | Bailey   | Found a burning altar of Makhleb.
 10856 | Lair:1   | Entered Level 1 of the Lair of Beasts
 10921 | Lair:1   | Noticed a four-headed hydra
 10928 | Lair:1   | Killed a one-headed hydra
 11019 | Lair:1   | Received a gift from Okawaru
 11172 | Lair:1   | You fall through a shaft!
 11262 | Lair:2   | Found a staircase to the Snake Pit.
 12186 | Lair:3   | Reached XP level 13. HP: 126/133 MP: 17/17
 12623 | Lair:3   | Found a staircase to the Swamp.
 12952 | Lair:4   | Reached skill level 10 in Fighting
 13033 | Lair:4   | Received a gift from Okawaru
 13284 | Lair:4   | Noticed an entropy weaver
 13284 | Lair:4   | Noticed an entropy weaver
 13297 | Lair:4   | Killed an entropy weaver
 13356 | Lair:4   | HP: 13/133 [entropy weaver (1)]
 13358 | Lair:4   | Slain by an entropy weaver

Levels and vault maps discovered:
D:1:      evilmike_arrival_plus, layout_rooms
D:2:      layout_rooms, lemuel_coloured_pillars_altar,
          makhleb_altar_promises_db, okawaru_gym_becter
D:3:      layout_basic, nicolae_ashenzari_panopticon, old_standard_altar,
          hangedman_decor_points, uniq_natasha, uniq_robin, uniq_sigmund
D:4:      layout_rooms, minmay_temple_entry_proselytizer,
          nicolae_ossuary_entry_monument, first_ration
D:5:      layout_basic, serial_shops, kennysheep_mini
D:6:      layout_layer_cave, nicolae_gozag_seed_capital,
          dancing_weapons_uskayaw, nicolae_dithmenos_the_darkroom
D:7:      layout_loops_ring, chequers_temple_overflow_statue_of_worship,
          gammafunk_temple_overflow_wave, chequers_serial_rivers_micro_b,
          uniq_joseph, uniq_pikel
D:8:      layout_rooms, overflow_temple_1_default,
          nicolae_overflow_crystal_walls, grunt_lair_entry_orc_guard_hut,
          serial_shops, nicolae_shop_statue_plus,
          nicolae_shop_temple_entry_statues_fountains, nicolae_shop_crystal,
          shop, shop, uniq_grum, uniq_erica
D:9:      layout_roguey, fedhas_bush_and_centaur_altar
D:10:     layout_loops_corners, hangedman_fish_farm
D:11:     layout_roguey, evilmike_minifort, uniq_harold
D:12:     layout_basic, minmay_orc_entry_temple_small, serial_shops, shop,
          enter_bailey_2, gauntlet_entry_generic, uniq_nergalle, uniq_josephine
Temple:   jpeg_temple_island
Lair:1:   layout_chaotic_city
Lair:2:   layout_chaotic_city, dummy_snake_entry, grunt_megastairs_4
Lair:3:   layout_chaotic_city, minmay_swamp_entry_reptiles
Lair:4:   layout_regular_city, minivault_29, lemuel_fruit_fields
Ossuary:  ossuary_zaba_two_paths
Bailey:   bailey_axe_3, bailey

Skill      XL: |  1  2  3  4  5  6  7  8  9 10 11 12 13 |
---------------+----------------------------------------+-----
Fighting       | 3 4 5 6 7 8 9 10 | 10.2
Stealth        | 2 |  2.2
Unarmed Combat | 4 5 6 7 8 9 10 11 | 11.9
Invocations    | 3 4 6 7 8 |  8.0
Dodging        | 3 5 6 7 8 |  8.1
Armour         | 1 3 4 |  4.0
Shields        | 4 6 7 |  7.8

Action                   |  1- 3 |  4- 6 |  7- 9 | 10-12 | 13-15 || total
-------------------------+-------+-------+-------+-------+-------++-------
Melee: Unarmed           |   105 |   144 |   409 |   738 |   217 ||  1613
       Punch             |       |     2 |    22 |     4 |       ||    28
       Scimitar          |       |       |       |     8 |       ||     8
Throw: Stone             |       |     1 |       |     2 |       ||     3
Invok: Heroism           |     1 |     3 |    16 |    29 |     4 ||    53
       Finesse           |       |       |       |     3 |     2 ||     5
Evoke: Wand              |       |     1 |     2 |     6 |       ||     9
  Use: Scroll            |       |     9 |    12 |    17 |     3 ||    41
       Potion            |       |       |       |    14 |     3 ||    17
 Stab: Sleeping          |     4 |     1 |    14 |    17 |     1 ||    37
  Eat: Chunk             |    14 |    10 |    36 |    62 |    12 ||   134
Armor: Robe              |    47 |    51 |   125 |   190 |    29 ||   442
Dodge: Dodged            |    57 |    77 |   173 |   486 |    60 ||   853
Block: Other             |       |     8 |    20 |     7 |       ||    35
       Reflection        |       |     1 |       |    42 |     1 ||    44
       Shield            |       |       |       |   434 |   113 ||   547

Table legend:
 A = Non-vault XP
 B = Vault XP
 C = Vault XP percentage of total XP
 D = Non-vault monster count
 E = Vault monster count
 F = Vault count percentage of total count
                 A         B        C        D         E       F
            +---------+---------+-------+---------+---------+-------
      Total |   32438 |   17120 |  34.5 |     373 |     163 |  30.4
            +---------+---------+-------+---------+---------+-------
        D:1 |      32 |       0 |   0.0 |      20 |       0 |   0.0
        D:2 |      67 |       0 |   0.0 |      24 |       0 |   0.0
        D:3 |     261 |     296 |  53.1 |      30 |      15 |  33.3
        D:4 |     344 |      40 |  10.4 |      13 |       1 |   7.1
        D:5 |     615 |       0 |   0.0 |      17 |       0 |   0.0
        D:6 |     804 |       0 |   0.0 |      24 |       0 |   0.0
        D:7 |     824 |    1079 |  56.7 |      17 |       2 |  10.5
        D:8 |    1487 |    2150 |  59.1 |      38 |      11 |  22.4
        D:9 |    4454 |     110 |   2.4 |      43 |       1 |   2.3
       D:10 |    2081 |     266 |  11.3 |      29 |       1 |   3.3
       D:11 |    4170 |    3115 |  42.8 |      36 |      14 |  28.0
       D:12 |    5589 |    3178 |  36.2 |      33 |      16 |  32.7
     Lair:1 |    2477 |       0 |   0.0 |       8 |       0 |   0.0
     Lair:2 |    1611 |     153 |   8.7 |       6 |       1 |  14.3
     Lair:3 |    4811 |     313 |   6.1 |      18 |       4 |  18.2
     Lair:4 |    2811 |    5298 |  65.3 |      17 |      25 |  59.5
    Ossuary |       0 |     261 | 100.0 |       0 |      56 | 100.0
     Bailey |       0 |     861 | 100.0 |       0 |      16 | 100.0
            +---------+---------+-------+---------+---------+-------
